 Dungeon Crawl Stone Soup version 0.28-a0-987-g8383568036 (webtiles) character file.

Game seed: 16074809218689741318

27 Acheron the Skirmisher (level 2, -2/24 HPs)
             Began as a Demonspawn Abyssal Knight on Dec 4, 2021.
             Was a Follower of Lugonu.
             Slain by an orc (5 damage)
             ... on level 2 of the Dungeon.
             The game lasted 00:06:04 (824 turns).

Acheron the Skirmisher (Demonspawn Abyssal Knight)   Turns: 824, Time: 00:06:04

Health: -2/24      AC:  5    Str: 13    XL:     2   Next: 93%
Magic:  4/4        EV: 10    Int: 11    God:    Lugonu [*.....]
Gold:   61         SH:  0    Dex: 13    Spells: 1/1 levels left

rFire   . . .      SeeInvis .   a - +1 hand axe
rCold   . . .      Faith    .   (no shield)
rNeg    . . .      Spirit   .   d - +0 ring mail
rPois   .          Reflect  .   (no helmet)
rElec   .          Harm     .   (no cloak)
rCorr   .          Rampage  .   (no gloves)
Will    .....                   (no boots)
Stlth   +.........              (no amulet)
HPRegen 0.08/turn               c - +4 ring of slaying
MPRegen 0.09/turn               (no ring)

@: no status effects
A: weakness stinger 1
a: Renounce Religion, Depart the Abyss


You were on level 2 of the Dungeon.
You worshipped Lugonu.
Lugonu was aware of your devotion.
You visited 1 branch of the dungeon, and saw 3 of its levels.
You visited the Abyss 1 time.

You collected 61 gold pieces.

Inventory:

Hand Weapons
 a - a +1 hand axe (weapon)
Missiles
 e - 2 stones
 k - 2 boomerangs (quivered)
Armour
 b - a +0 leather armour
 d - a +0 ring mail (worn)
   (You found it on level 1 of the Abyss)
Jewellery
 c - a +4 ring of slaying (left hand)
   (You found it on level 1 of the Abyss)
 g - a ring of ice
   (You found it on level 1 of the Dungeon)
Scrolls
 f - 2 scrolls of identify {unknown}
Potions
 h - a potion of degeneration {unknown}
 i - a potion of flight {unknown}
 j - a potion of curing {unknown}
 l - a potion of lignification {unknown}


   Skills:
 + Level 3.1 Fighting
 + Level 2.0 Axes
 * Level 2.1 Armour
 * Level 1.3 Dodging
 * Level 1.0 Stealth
 * Level 2.9 Invocations


You had one spell level left.
You didn't know any spells.
Your spell library contained the following spells:

 Spells                   Type           Power      Damage    Failure   Level
 Summon Small Mammal      Summ           0%         N/A       58%         1
 Call Canine Familiar     Summ           0%         N/A       92%         3
 Conjure Flame            Conj/Fire      0%         6-21      92%         3
 Ignite Poison            Fire/Tmut/Pois 0%         N/A       92%         3
 Summon Guardian Golem    Hex/Summ       0%         N/A       92%         3
 Sticky Flame             Conj/Fire      0%         2d3       100%        4


Dungeon Overview and Level Annotations

Branches:
Dungeon (3/15)

Altars:

Shops:
D:1 =[


Innate Abilities, Weirdness & Mutations

You have a small tail.


Message History

You kill the endoplasm!
Lugonu accepts your kill.
Your Axes skill increases to level 2!
Your Stealth skill increases to level 1!
You see here a dart slug corpse.
Done exploring.
There is a stone staircase leading down here.
You climb downwards.
There is a stone staircase leading up here.
Found a stone staircase leading down.
Found 19 sling bullets.
There is a stone staircase leading down here.
You climb downwards.
The dart slug launches a dart at you. The slug dart hits you.
Found a stone staircase leading up.
There is a stone staircase leading up here.
Found a book of Callings.
The dart slug launches a dart at you. The slug dart misses you.
You slash the dart slug! The dart slug launches a dart at you.
The slug dart misses you.
You hit the dart slug.
You kill the dart slug!
Lugonu accepts your kill.
You see here a dart slug corpse.
You pick up a book of Callings and begin reading...
You add the spells Summon Small Mammal, Call Canine Familiar and Summon Guardian Golem to your library.
Okay, then.
An orc comes into view. It is wielding a +0 flail.
The orc shouts!
An adder comes into view.
The adder hisses angrily.
You completely miss the orc. The orc barely misses you.
The orc hits you with a +0 flail.
There is a stone staircase leading up here.
The orc hits you with a +0 flail.
* * * LOW HITPOINT WARNING * * *
The orc hits you with a +0 flail!
* * * LOW HITPOINT WARNING * * *
You climb upwards.
The endoplasm quivers.
The kobold shouts!
The endoplasm quivers.
Found a ring mail and 4 gold pieces.
There is a stone staircase leading down here.
A quokka comes into view.
A rat comes into view.
The orc hits you with a +0 flail.
You die...

......r.....#
............
...........#
.........K.#
...........#
...........#
...J...o...####.
#b@...[.r.
#J#######. #.#
#.. #.. #...
#... .....


You could see an orc, 2 endoplasms, a quokka, a bat, a kobold and a rat
(wandering).

Vanquished Creatures
  4 dart slugs
  2 ball pythons (D:1)
  3 endoplasms (D:1)
  A goblin (D:1)
  A hobgoblin (D:1)
  3 jackals (D:1)
  A frilled lizard (D:1)
  2 kobolds (D:1)
17 creatures vanquished.

Notes
Turn   | Place    | Note
-------+----------+-------------------------------------------
     0 | Abyss:1  | Acheron the Demonspawn Abyssal Knight began the quest for
                  | the Orb.
     0 | Abyss:1  | Reached XP level 1. HP: 18/18 MP: 2/2
    57 | Abyss:1  | Noticed a glowing orange brain
    69 | D:1      | Escaped the Abyss
   151 | D:1      | Reached skill level 1 in Dodging
   334 | D:1      | Gained mutation: You have a small tail. [demonic ancestry]
   334 | D:1      | Reached XP level 2. HP: 24/24 MP: 3/3
   335 | D:1      | Found Kopium's Antique Armour Shoppe.
   426 | D:1      | Reached * piety under Lugonu
   664 | D:1      | Found Caciefel's Jewellery Boutique.
   697 | D:1      | Reached skill level 1 in Stealth
   824 | D:2      | Slain by an orc

Illustrated notes

Levels and vault maps discovered:
D:1:      minmay_arrival_shattered_statue, layout_basic, serial_shops,
          nicolae_square_shop, shop, serial_corexii_hall,
          chequers_hall_statues_wall_a, corexii_hall_statues_i,
          chequers_hall_statues_y, hangedman_decor_push
D:2:      layout_basic, ebering_ecumenical_altar_petrified, uniq_natasha
D:3:      layout_loops_ring, old_standard_altar, goddamned_bats

Skill      XL: |  1  2 |
---------------+-------+-----
Dodging        | 1 |  1.3
Armour         | 2 |  2.1
Axes           | 2 |  2.0
Stealth        | 1 |  1.0
Fighting       | |  3.1
Invocations    | |  2.9

Action                   || total
-------------------------++-------
Melee: Hand axe          ||    34
       Tailslap          ||     4
Invok: Depart the Abyss  ||     1
Armor: Ring mail         ||     9
Dodge: Dodged            ||    18

Table legend: (Time is in decaauts)
 A = Elapsed time spent in this place.
 B = Non-inter-level travel time spent in this place.
 C = Inter-level travel time spent in this place.
 D = Time resting spent in this place.
 E = Time spent auto-exploring this place.
 F = Levels seen in this place.
 G = Mean time per level.
                   A        B        C        D        E       F      G
               +--------+--------+--------+--------+--------+-----+--------+
         Total |    832 |    832 |      0 |     29 |    424 |   4 |  208.0 |
       Dungeon |    763 |    763 |      0 |     29 |    419 |   3 |  254.3 |
         Abyss |     68 |     68 |      0 |      0 |      5 |   1 |   68.0 |
               +--------+--------+--------+--------+--------+-----+--------+

Top non-repeatable levels by time:
     D:1: 691 daAuts
 Abyss:1: 68 daAuts
     D:3: 46 daAuts
     D:2: 25 daAuts
